 Dungeon Crawl Stone Soup version 0.29.1-13-g9f3cf754e1 (webtiles) character file.

Game seed: 8426572079617151519

9 croobank the Sneak (level 2, -1/21 HPs)
             Began as an Octopode Delver on Jan 25, 2023.
             Slain by a goblin
             ... wielding a +0 dagger
              (3 damage)
             ... on level 3 of the Dungeon.
             The game lasted 00:02:30 (416 turns).

croobank the Sneak (Octopode Delver)                 Turns: 416, Time: 00:02:31

Health: -1/21      AC:  1    Str: 11    XL:     2   Next: 12%
Magic:  2/2        EV: 13    Int: 12    God:
Gold:   35         SH:  0    Dex: 13    Spells: 1/1 levels left

rFire   . . .      SeeInvis .   a - +0 hand axe
rCold   . . .      Faith    .   (no shield)
rNeg    . . .      Spirit   .   (helmet restricted)
rPois   .          Reflect  .   (no amulet)
rElec   .          Harm     .   (no ring)
rCorr   .          Rampage  .   (no ring)
Will    .....                   (no ring)
Stlth   ++++......              (no ring)
HPRegen 0.07/turn               (no ring)
MPRegen 0.08/turn               (no ring)
                                (no ring)
                                (no ring)

@: hasted, very quick
A: almost no armour, amphibious, 8 rings, camouflage 1, gelatinous body 1,
(nimble swimmer 1), tentacles
a: no special abilities


You were on level 3 of the Dungeon.
You visited 1 branch of the dungeon, and saw 5 of its levels.

You collected 35 gold pieces.

Inventory:

Hand Weapons
 a - a +0 hand axe (weapon)
Wands
 f - a wand of digging (3)
Scrolls
 b - a scroll of fog
 c - a scroll of magic mapping
Potions
 d - a potion of brilliance {unknown}
 e - 2 potions of haste


   Skills:
 + Level 3.1 Fighting
 + Level 2.1 Axes
 + Level 2.1 Dodging
 + Level 6.7 Stealth
 + Level 0.3 Spellcasting


You had one spell level left.
You didn't know any spells.
Your spell library contained the following spells:

 Spells                   Type           Power      Damage    Failure   Level
 Apportation              Tloc           0%         N/A       32%         1
 Alistair's Intoxication  Tmut/Pois      0%         N/A       100%        5


Dungeon Overview and Level Annotations

Branches:
Dungeon (7/15)
 Temple: D:4-7

Altars:
Kikubaaqudgha
Sif Muna
Xom

Annotations:
D:3 Terence
D:5 Blork the orc


Innate Abilities, Weirdness & Mutations

You cannot wear most types of armour.
You are amphibious.
You can wear up to eight rings at the same time.
Your skin changes colour to match your surroundings (Stealth+).
Your rubbery body absorbs attacks. (AC +1, EV +1)
((You are camouflaged when in or above water. (Stealth+)))
You have tentacles for arms and can constrict up to eight enemies at once.


Message History

A goblin and a kobold come into view.
The goblin shouts!
You hear a shout!
The goblin unwields a +0 club.
The goblin wields a +0 sling.
The goblin shoots a sling bullet.
The sling bullet hits you.
* * * LOW HITPOINT WARNING * * *
There is an open door, spattered with blood here.
As you read the scroll labelled GIQ GOESHO, it crumbles to dust.
It is a scroll of identify.
g - 2 potions of curing An orc comes into view.
It is wielding a +0 war axe.
The goblin shoots a sling bullet.
The sling bullet misses you.
You feel better.
You feel better.
An orc comes into view. It is wielding a +0 dagger.
The goblin shoots a sling bullet.
The sling bullet hits you.
Found a stone staircase leading down.
The goblin barely misses you.
The goblin shoots a sling bullet.
The sling bullet closely misses you.
The sling bullet barely misses the goblin.
The orc shouts!
Found a scroll of magic mapping.
The goblin shoots a sling bullet.
The sling bullet misses you.
You closely miss the orc. You grab the orc.
You squeeze the orc, but do no damage.
You constrict the orc, but do no damage.
The orc barely misses you.
You completely miss the orc. You squeeze the orc, but do no damage.
You miss the goblin. You hit the orc. You constrict the orc.
The orc hits you with a +0 war axe. The orc hits you with a +0 dagger.
The goblin hits you but does no damage.
You hit the orc but do no damage. You squeeze the orc, but do no damage.
The orc is lightly wounded.
You closely miss the goblin. You hit the orc. You constrict the orc.
You barely miss the goblin. Your grab misses the goblin. You hit the orc.
You kill the orc!
You hit the orc. You hit the goblin but do no damage.
You constrict the orc, but do no damage.
The orc hits you with a +0 war axe!
* * * LOW HITPOINT WARNING * * *
The goblin hits you with a +0 dagger.
You die...

######## ?.....#
.....## ..... #.>..
.. #...# ######## #..
#.)o# #......# #..
#.g@# #......# #.#
##.Kg## #......# #..
#....K####......###..
#.....'..'......'.#..
#.|...####......#.#..
+.....# #.?....#...K
#..(..# #......####.
#.....# #.......# #.
#.....# #.......####.


You could see an orc, 2 goblins and 2 kobolds.

Vanquished Creatures
  A worm (D:3)
  2 orcs
  A giant cockroach (D:3)
  A frilled lizard (D:3)
  2 rats (D:3)
7 creatures vanquished.

Notes
Turn   | Place    | Note
-------+----------+-------------------------------------------
     0 | D:5      | croobank the Octopode Delver began the quest for the Orb.
     0 | D:5      | Reached XP level 1. HP: 16/16 MP: 1/1
     4 | D:6      | Noticed a scorpion
    45 | D:5      | Found a shimmering altar of Xom.
    81 | D:5      | You fall into a shaft and drop 2 floors!
    82 | D:7      | Noticed a hornet zombie
    82 | D:7      | Noticed a wight
    84 | D:6      | Noticed an orc warrior
    84 | D:6      | Noticed an orc wizard
    84 | D:6      | Noticed an orc wizard
    84 | D:6      | Noticed an orc wizard
    84 | D:6      | Noticed an orc wizard
    86 | D:6      | Noticed an acid dragon
    87 | D:6      | Noticed a kobold brigand
   141 | D:5      | Noticed Blork the orc
   172 | D:5      | Noticed a scorpion
   279 | D:4      | Noticed an orc priest
   279 | D:4      | Noticed an orc priest
   293 | D:3      | Found a shimmering blue altar of Sif Muna.
   321 | D:3      | Found an ancient bone altar of Kikubaaqudgha.
   357 | D:3      | Noticed Terence
   377 | D:3      | Reached XP level 2. HP: 6/21 MP: 2/2
   416 | D:3      | Slain by a goblin

Illustrated notes

Levels and vault maps discovered:
D:3:      layout_basic, mainiacjoe_overflow_tiny_flanked,
          kiku_gazebo_pond_becter, lemuel_crystal_altar, uniq_terence
D:4:      layout_cave_pools, nemelex_diamond_rough_becter,
          mainiacjoe_overflow_catwalk
D:5:      layout_loops_ring, xom_teletrap_fun, ashenzari_conservatory_becter,
          ebering_ghost_reflecting_pool, serial_shops, shop_statue,
          uniq_blork_the_orc
D:6:      layout_loops_cross
D:7:      layout_cave_pools, minmay_temple_entry_grid, serial_undead,
          serial_undead_a, serial_undead_a, serial_undead_f, serial_undead_f,
          minmay_starry_boxes, uniq_joseph

Action                   || total
-------------------------++-------
Melee: Hand axe          ||    16
       Tentacles         ||     5
       Constrict         ||     3
  Use: Scroll            ||     2
       Potion            ||     3
 Stab: Sleeping          ||     4
Armor: Skin              ||     2
Dodge: Dodged            ||     9
